PHILADELPHIA vs DETROIT

Created - March-30-21 at 13:02

Goals
1 2 3 T
PHILADELPHIA 2 0 0 2
DETROIT 0 0 0 0
Shots
1 2 3 T
PHILADELPHIA 9 9 9 27
DETROIT 9 10 9 28

1st period

1. PHILADELPHIA , Andre Burakovsky 11 (Travis Sanheim 17) at 0:39
2. PHILADELPHIA , Jeff Skinner 6 (Anthony Cirelli 17, Andre Burakovsky 10) at 15:32

Penalties :
Erik Gudbranson (PHI) for Goalie Interference (Minor) at 4:06, Max Domi (DET) for Tripping (Minor) at 6:55, Robert Bortuzzo (DET) for High sticking (Minor) at 9:32, Adam Pelech (PHI) for Holding (Minor) at 19:29

2nd period

No Goal

Penalties :
Ian Cole (DET) for Holding (Minor) at 5:56, Erik Gudbranson (PHI) for Cross-checking (Minor) at 11:09

3rd period

No Goal

Penalties :
Justin Abdelkader (DET) for Interference (Minor) at 3:31, Mikko Lehtonen (PHI) for Holding (Minor) at 6:05, Andre Burakovsky (PHI) for Hooking (Minor) at 10:36, Tyler Ennis (PHI) for Holding (Minor) at 19:30

Goalie Stats

Brian Elliott (PHI), 28 saves from 28 shots - (1.000), W, 13-16-4, 60:00 minutes
John Gibson (DET), 25 saves from 27 shots - (0.926), L, 21-20-3, 60:00 minutes

Players Stats for PHILADELPHIA

Player Name              G  A  P  +/- PIM S  H  SB GA TA FO     MP     PP MP  PK MP  
------------------------------------------------------------------------------------
Adam Pelech              0  0  0   1  2   1  2  1  0  0  0/0    23:17   4:08   3:45 
Andre Burakovsky         1  1  2   2  2   1  0  1  0  0  1/1    19:10   3:30   2:24 
Andy Andreoff            0  0  0   0  0   5  0  1  0  0  0/2    15:01   0:00   3:14 
Anthony Cirelli          0  1  1   2  0   0  3  0  0  0  14/29  21:03   3:54   4:29 
Eeli Tolvanen            0  0  0   0  0   1  1  0  0  0  0/0     6:22   0:00   0:00 
Erik Gudbranson          0  0  0   1  4   2  2  1  0  0  0/0    18:56   3:48   3:21 
Jack Hughes              0  0  0   0  0   1  0  0  0  0  3/5     6:22   0:00   0:00 
Jeff Skinner             1  0  1   2  0   3  1  0  0  0  2/2    21:03   3:54   4:29 
Lias Andersson           0  0  0   0  0   1  1  0  0  0  0/0     6:22   0:00   0:00 
Michael Stone            0  0  0   1  0   2  0  1  0  0  0/0    20:08   3:48   5:17 
Mikko Lehtonen           0  0  0   0  2   1  1  0  0  0  0/0    17:04   0:00   2:37 
Niklas Kronwall          0  0  0   0  0   0  3  4  0  0  0/0    16:02   0:34   1:02 
Otto Koivula             0  0  0   0  0   0  3  0  0  0  0/0    15:00   0:00   3:13 
Radek Faksa              0  0  0   0  0   1  2  0  0  0  10/19  17:53   4:02   3:00 
Travis Sanheim           0  1  1   1  0   1  2  4  0  0  0/0    23:37   3:34   4:31 
Tyler Ennis              0  0  0   0  2   2  0  0  0  0  1/2    14:52   4:02   0:00 
Tyler Pitlick            0  0  0   0  0   2  2  0  0  0  2/3    14:53   4:02   0:00 
Valtteri Filppula        0  0  0   0  0   3  0  1  0  0  10/16  12:25   0:24   0:14 

Players Stats for DETROIT

Player Name              G  A  P  +/- PIM S  H  SB GA TA FO     MP     PP MP  PK MP  
------------------------------------------------------------------------------------
Aaron Ekblad             0  0  0  -1  0   6  1  1  0  0  0/0    23:16   5:55   3:58 
Alexander Wennberg       0  0  0   0  0   4  0  0  0  0  6/15   13:52   0:47   0:00 
Andrej Sekera            0  0  0  -1  0   0  2  0  0  0  0/0    12:01   0:00   0:59 
Brendan Smith            0  0  0   0  0   0  0  0  0  0  0/0     5:24   0:00   0:00 
Calle Jarnkrok           0  0  0  -2  0   1  2  0  0  0  0/2    19:07   6:17   2:55 
Chandler Stephenson      0  0  0   0  0   1  0  0  0  0  2/7     6:40   0:00   1:18 
Christian Dvorak         0  0  0  -2  0   2  1  0  0  0  14/23  18:30   6:17   2:18 
Colton Sceviour          0  0  0   0  0   3  0  0  0  0  0/0    13:05   0:00   0:00 
Ian Cole                 0  0  0   0  2   1  0  0  0  0  0/0    19:18   4:29   2:59 
Justin Abdelkader        0  0  0   0  2   0  5  0  0  0  0/0    15:03   0:00   1:59 
Max Domi                 0  0  0   0  2   4  0  0  0  0  1/1    20:34   3:46   3:30 
Oscar Klefbom            0  0  0   0  0   1  1  3  0  0  0/0    20:18   4:29   3:58 
Patrik Nemeth            0  0  0  -1  0   0  2  0  0  0  0/0    11:02   0:00   0:00 
Robert Bortuzzo          0  0  0   0  2   0  0  0  0  0  0/0     5:23   0:00   0:00 
Scott Laughton           0  0  0   0  0   1  2  0  0  0  10/21  17:25   4:07   0:00 
Taylor Hall              0  0  0  -2  0   0  0  0  0  0  2/7    24:59   5:51   3:52 
Tyler Myers              0  0  0  -1  0   3  1  1  0  0  0/0    23:16   5:55   3:58 
Valeri Nichushkin        0  0  0   0  0   0  0  0  0  0  0/0     5:22   0:00   0:00 
Zemgus Girgensons        0  0  0   0  0   1  3  0  0  0  1/3    17:25   4:07   0:00 

3 Stars

1 - Brian Elliott (PHI)
2 - Andre Burakovsky (PHI)
3 - Jeff Skinner (PHI)

Power Play

PHILADELPHIA - 0 on 4 Attempt(s) - 0.00%
DETROIT - 0 on 6 Attempt(s) - 0.00%

Penalty Kill

PHILADELPHIA - 6 on 6 Attempt(s) - 100.00% - Score 0 goal in Penalty Kill
DETROIT - 4 on 4 Attempt(s) - 100.00% - Score 0 goal in Penalty Kill

Team Stat

PHILADELPHIA - Hits : 23 - Faceoff Wins : 43 - Blocked Shots : 14 - Penalty Minutes : 12
DETROIT - Hits : 20 - Faceoff Wins : 36 - Blocked Shots : 5 - Penalty Minutes : 8

Official

Referees : Peter MacDougall and Andrew Howard
Linesman : Bevan Mills and Jean Luc Denicourt

Game Notes

No Game Note

Finance

Level 1 -- Attendance: 3986 (66.43%) -- Ticket Income $438,460
Level 2 -- Attendance: 3928 (78.56%) -- Ticket Income $235,680
Level 3 -- Attendance: 1266 (63.30%) -- Ticket Income $50,640
Level 4 -- Attendance: 2808 (70.20%) -- Ticket Income $70,200
Luxury Box -- Attendance: 1000 (100.00%) -- Ticket Income $180,000
Game was played at the Little Caesars Arena.
Total Attendance: 12988 (72.16%)
Total Ticket Income: $974,980
Total Income: $974,980

PHILADELPHIA

5 vs 5 Forward 
   Center                   Left Wing                Right Wing               Time % Phy DF OF 
 1 Anthony Cirelli          Jeff Skinner             Andre Burakovsky         35     1   2  2  
 2 Radek Faksa              Tyler Ennis              Tyler Pitlick            30     1   2  2  
 3 Valtteri Filppula        Otto Koivula             Andy Andreoff            25     1   2  2  
 4 Jack Hughes              Lias Andersson           Eeli Tolvanen            10     1   2  2  

5 vs 5 Defense 
   Defense                  Defense                                           Time % Phy DF OF 
 1 Adam Pelech              Travis Sanheim                                    35     1   2  2  
 2 Erik Gudbranson          Michael Stone                                     30     1   2  2  
 3 Niklas Kronwall          Mikko Lehtonen                                    25     1   2  2  
 4 Adam Pelech              Travis Sanheim                                    10     1   2  2  

PowerPlay Forward 
   Center                   Left Wing                Right Wing               Time % Phy DF OF 
 1 Anthony Cirelli          Jeff Skinner             Andre Burakovsky         60     1   2  2  
 2 Radek Faksa              Tyler Ennis              Tyler Pitlick            40     1   2  2  

PowerPlay Defense
   Defense                  Defense                                           Time % Phy DF OF 
 1 Adam Pelech              Travis Sanheim                                    60     1   2  2  
 2 Erik Gudbranson          Michael Stone                                     40     1   2  2  

Penalty Kill 4 Players Forward 
   Center                   Wing                     Time % Phy DF OF 
 1 Anthony Cirelli          Jeff Skinner             60     1   2  2  
 2 Radek Faksa              Andre Burakovsky         40     1   2  2  

Penalty Kill 4 Players Defense
   Defense                  Defense                  Time % Phy DF OF 
 1 Adam Pelech              Travis Sanheim           60     1   2  2  
 2 Erik Gudbranson          Michael Stone            40     1   2  2  

Penalty Kill - 3 Players Forward 
   Forward                                           Time % Phy DF OF 
 1 Anthony Cirelli                                   60     1   2  2  
 2 Jeff Skinner                                      40     1   2  2  

Penalty Kill - 3 Players Defense
   Defense                  Defense                  Time % Phy DF OF 
 1 Adam Pelech              Travis Sanheim           60     1   2  2  
 2 Erik Gudbranson          Michael Stone            40     1   2  2  

4 vs 4 Forward 
   Center                   Wing                     Time % Phy DF OF 
 1 Anthony Cirelli          Jeff Skinner             60     1   2  2  
 2 Radek Faksa              Andre Burakovsky         40     1   2  2  

4 vs 4 Defense
   Defense                  Defense                  Time % Phy DF OF 
 1 Adam Pelech              Travis Sanheim           60     1   2  2  
 2 Erik Gudbranson          Michael Stone            40     1   2  2  

Last Minutes Offensive
   Center                   Left Wing                Right Wing               Defense                  Defense                  
   Anthony Cirelli          Jeff Skinner             Andre Burakovsky         Adam Pelech              Travis Sanheim           

Last Minutes Defensive
   Center                   Left Wing                Right Wing               Defense                  Defense                  
   Anthony Cirelli          Jeff Skinner             Andre Burakovsky         Adam Pelech              Travis Sanheim           

Goaltenders
Starting : Brian Elliott            
Backup : Anthony Stolarz          

Extra Forwards
Normal : Valtteri Filppula, Jack Hughes, Andy Andreoff - PP : Valtteri Filppula, Jack Hughes - PK : Andy Andreoff
Extra Defensemen
Normal : Niklas Kronwall, Mikko Lehtonen, Erik Gudbranson - PP : Niklas Kronwall - PK : Mikko Lehtonen, Erik Gudbranson
Penalty Shots
Anthony Cirelli, Jeff Skinner, Radek Faksa, Andre Burakovsky, Valtteri Filppula

Scratches
Henrik Zetterberg (Healthy), Korbinian Holzer (Left Hand Injury), Mathias Brome (Healthy), PHI Cap Hit (Suspend)

DETROIT

5 vs 5 Forward 
   Center                   Left Wing                Right Wing               Time % Phy DF OF 
 1 Christian Dvorak         Taylor Hall              Calle Jarnkrok           35     1   2  2  
 2 Scott Laughton           Max Domi                 Zemgus Girgensons        30     1   2  2  
 3 Alexander Wennberg       Colton Sceviour          Justin Abdelkader        25     1   2  2  
 4 Chandler Stephenson      Taylor Hall              Valeri Nichushkin        10     1   2  2  

5 vs 5 Defense 
   Defense                  Defense                                           Time % Phy DF OF 
 1 Aaron Ekblad             Tyler Myers                                       35     1   2  2  
 2 Oscar Klefbom            Ian Cole                                          30     1   2  2  
 3 Patrik Nemeth            Andrej Sekera                                     25     1   2  2  
 4 Robert Bortuzzo          Brendan Smith                                     10     1   2  2  

PowerPlay Forward 
   Center                   Left Wing                Right Wing               Time % Phy DF OF 
 1 Christian Dvorak         Taylor Hall              Calle Jarnkrok           60     1   2  2  
 2 Scott Laughton           Max Domi                 Zemgus Girgensons        40     1   2  2  

PowerPlay Defense
   Defense                  Defense                                           Time % Phy DF OF 
 1 Aaron Ekblad             Tyler Myers                                       60     1   2  2  
 2 Oscar Klefbom            Ian Cole                                          40     1   2  2  

Penalty Kill 4 Players Forward 
   Center                   Wing                     Time % Phy DF OF 
 1 Taylor Hall              Max Domi                 60     1   2  2  
 2 Christian Dvorak         Calle Jarnkrok           40     1   2  2  

Penalty Kill 4 Players Defense
   Defense                  Defense                  Time % Phy DF OF 
 1 Aaron Ekblad             Tyler Myers              60     1   2  2  
 2 Oscar Klefbom            Ian Cole                 40     1   2  2  

Penalty Kill - 3 Players Forward 
   Forward                                           Time % Phy DF OF 
 1 Taylor Hall                                       60     1   2  2  
 2 Max Domi                                          40     1   2  2  

Penalty Kill - 3 Players Defense
   Defense                  Defense                  Time % Phy DF OF 
 1 Aaron Ekblad             Tyler Myers              60     1   2  2  
 2 Oscar Klefbom            Ian Cole                 40     1   2  2  

4 vs 4 Forward 
   Center                   Wing                     Time % Phy DF OF 
 1 Taylor Hall              Max Domi                 60     1   2  2  
 2 Christian Dvorak         Calle Jarnkrok           40     1   2  2  

4 vs 4 Defense
   Defense                  Defense                  Time % Phy DF OF 
 1 Aaron Ekblad             Tyler Myers              60     1   2  2  
 2 Oscar Klefbom            Ian Cole                 40     1   2  2  

Last Minutes Offensive
   Center                   Left Wing                Right Wing               Defense                  Defense                  
   Christian Dvorak         Taylor Hall              Calle Jarnkrok           Aaron Ekblad             Tyler Myers              

Last Minutes Defensive
   Center                   Left Wing                Right Wing               Defense                  Defense                  
   Christian Dvorak         Taylor Hall              Calle Jarnkrok           Aaron Ekblad             Tyler Myers              

Goaltenders
Starting : John Gibson              
Backup : Pheonix Copley           

Extra Forwards
Normal : Alexander Wennberg, Colton Sceviour, Justin Abdelkader - PP : Alexander Wennberg, Colton Sceviour - PK : Justin Abdelkader
Extra Defensemen
Normal : Patrik Nemeth, Andrej Sekera, Robert Bortuzzo - PP : Patrik Nemeth - PK : Andrej Sekera, Robert Bortuzzo
Penalty Shots
Taylor Hall, Max Domi, Christian Dvorak, Calle Jarnkrok, Scott Laughton

Scratches
Tomas Nosek (Healthy), DET CAPHIT (Suspend), Ryan Nugent-Hopkins (Healthy)

% Time on Ice - PHILADELPHIA

Lines # - Real PCT - Wanted PCT - Time Play
Normal Forward
1 - 30% - 35% - 12:40
2 - 26% - 30% - 10:51
3 - 28% - 25% - 11:47
4 - 15% - 10% - 6:22
Normal Defense
1 - 33% - 35% - 13:50
2 - 30% - 30% - 12:23
3 - 35% - 25% - 14:26
4 - 2% - 10% - 1:01
PP Forward
1 - 49% - 60% - 3:54
2 - 51% - 40% - 4:02
PP Defense
1 - 52% - 60% - 4:08
2 - 48% - 40% - 3:48
PK Forward
1 - 71% - 60% - 7:24
2 - 29% - 40% - 3:00
PK Defense
1 - 43% - 60% - 4:30
2 - 57% - 40% - 5:54
PK3 Forward
1 - 0% - 60%
2 - 0% - 40%
PK3 Defense
1 - 0% - 60%
2 - 0% - 40%
44 Forward
1 - 0% - 60%
2 - 0% - 40%
44 Defense
1 - 0% - 60%
2 - 0% - 40%
Last Minute Offensive  - 0:00
Last Minute Defensive  - 0:00
Total
Forward - 60:00
Defense - 60:00

% Time on Ice - DETROIT

Lines # - Real PCT - Wanted PCT - Time Play
Normal Forward
1 - 24% - 35% - 9:55
2 - 32% - 30% - 13:18
3 - 31% - 25% - 13:05
4 - 13% - 10% - 5:22
Normal Defense
1 - 32% - 35% - 13:23
2 - 28% - 30% - 11:51
3 - 26% - 25% - 11:02
4 - 13% - 10% - 5:24
PP Forward
1 - 60% - 60% - 6:17
2 - 40% - 40% - 4:07
PP Defense
1 - 57% - 60% - 5:55
2 - 43% - 40% - 4:29
PK Forward
1 - 71% - 60% - 5:38
2 - 29% - 40% - 2:18
PK Defense
1 - 50% - 60% - 3:58
2 - 50% - 40% - 3:58
PK3 Forward
1 - 0% - 60%
2 - 0% - 40%
PK3 Defense
1 - 0% - 60%
2 - 0% - 40%
44 Forward
1 - 0% - 60%
2 - 0% - 40%
44 Defense
1 - 0% - 60%
2 - 0% - 40%
Last Minute Offensive  - 0:00
Last Minute Defensive  - 0:00
Total
Forward - 60:00
Defense - 60:00

Play-by-Play

1st period


0:01 of 1st period - Jeff Skinner wins face-off versus Christian Dvorak in neutral zone.
0:39 of 1st period - Shot by Andre Burakovsky.
0:39 of 1st period - Goal by Andre Burakovsky - PHILADELPHIA : 1 - DETROIT : 0.
0:40 of 1st period - Tyler Pitlick wins face-off versus Scott Laughton in neutral zone.
0:52 of 1st period - Icing by Zemgus Girgensons.
0:53 of 1st period - Scott Laughton wins face-off versus Valtteri Filppula in DETROIT zone.
0:57 of 1st period - Zemgus Girgensons is hit by Otto Koivula and loses puck.
1:13 of 1st period - Icing by Mikko Lehtonen.
1:14 of 1st period - Valtteri Filppula wins face-off versus Alexander Wennberg in PHILADELPHIA zone.
1:23 of 1st period - Shot by Andy Andreoff.
1:23 of 1st period - Stopped by John Gibson without a rebound.
1:24 of 1st period - Radek Faksa wins face-off versus Chandler Stephenson in DETROIT zone.
1:51 of 1st period - Shot by Tyler Pitlick.
1:51 of 1st period - Stopped by John Gibson without a rebound.
1:52 of 1st period - Alexander Wennberg wins face-off versus Jack Hughes in DETROIT zone.
1:59 of 1st period - Shot by Colton Sceviour.
1:59 of 1st period - Deflect By Alexander Wennberg.
1:59 of 1st period - Shot Misses the Net.
2:09 of 1st period - Shot by Alexander Wennberg.
2:09 of 1st period - Shot Misses the Net.
2:15 of 1st period - Shot by Alexander Wennberg.
2:15 of 1st period - Stopped by Brian Elliott with a rebound.
2:24 of 1st period - Icing by Eeli Tolvanen.
2:25 of 1st period - Christian Dvorak wins face-off versus Jack Hughes in PHILADELPHIA zone.
2:34 of 1st period - Shot by Taylor Hall.
2:34 of 1st period - Shot Misses the Net.
3:01 of 1st period - Icing by Mikko Lehtonen.
3:02 of 1st period - Anthony Cirelli wins face-off versus Scott Laughton in PHILADELPHIA zone.
3:02 of 1st period - Anthony Cirelli is hit by Scott Laughton.
3:26 of 1st period - Shot by Scott Laughton.
3:26 of 1st period - Shot Blocked by Andre Burakovsky.
3:28 of 1st period - Shot by Oscar Klefbom.
3:28 of 1st period - Deflect By Zemgus Girgensons.
3:28 of 1st period - Stopped by Brian Elliott with a rebound.
4:06 of 1st period - Minor Penalty to Erik Gudbranson for Goalie Interference.
4:07 of 1st period - Christian Dvorak wins face-off versus Andy Andreoff in PHILADELPHIA zone.
4:08 of 1st period - Shot by Aaron Ekblad.
4:08 of 1st period - Stopped by Brian Elliott with a rebound.
4:10 of 1st period - Shot by Aaron Ekblad.
4:10 of 1st period - Shot Blocked by Adam Pelech.
4:30 of 1st period - Shot by Aaron Ekblad.
4:30 of 1st period - Shot Blocked by Travis Sanheim.
4:32 of 1st period - Shot by Tyler Myers.
4:32 of 1st period - Stopped by Brian Elliott with a rebound.
4:34 of 1st period - Shot by Christian Dvorak.
4:34 of 1st period - Shot Misses the Net.
4:36 of 1st period - Shot by Tyler Myers.
4:36 of 1st period - Shot Misses the Net.
4:38 of 1st period - Shot by Calle Jarnkrok.
4:38 of 1st period - Deflect By Taylor Hall.
4:38 of 1st period - Shot Misses the Net.
4:40 of 1st period - Shot by Tyler Myers.
4:40 of 1st period - Shot Blocked by Travis Sanheim.
4:44 of 1st period - Shot by Aaron Ekblad.
4:44 of 1st period - Stopped by Brian Elliott with a rebound.
4:48 of 1st period - Shot by Aaron Ekblad.
4:48 of 1st period - Stopped by Brian Elliott with a rebound.
5:00 of 1st period - Zemgus Girgensons is hit by Otto Koivula and loses puck.
6:50 of 1st period - Mikko Lehtonen is hit by Justin Abdelkader.
6:55 of 1st period - Minor Penalty to Max Domi for Tripping.
6:56 of 1st period - Radek Faksa wins face-off versus Taylor Hall in DETROIT zone.
6:59 of 1st period - Shot by Tyler Ennis.
6:59 of 1st period - Shot Blocked by Oscar Klefbom.
7:06 of 1st period - Icing by Tyler Ennis.
7:07 of 1st period - Radek Faksa wins face-off versus Taylor Hall in PHILADELPHIA zone.
7:51 of 1st period - Shot by Michael Stone.
7:51 of 1st period - Stopped by John Gibson without a rebound.
7:52 of 1st period - Anthony Cirelli wins face-off versus Taylor Hall in DETROIT zone.
8:09 of 1st period - Shot by Anthony Cirelli.
8:09 of 1st period - Shot Misses the Net.
8:11 of 1st period - Shot by Anthony Cirelli.
8:11 of 1st period - Shot Misses the Net.
8:13 of 1st period - Shot by Erik Gudbranson.
8:13 of 1st period - Stopped by John Gibson without a rebound.
8:14 of 1st period - Taylor Hall wins face-off versus Radek Faksa in DETROIT zone.
9:03 of 1st period - Shot by Brendan Smith.
9:03 of 1st period - Shot Blocked by Niklas Kronwall.
9:32 of 1st period - Minor Penalty to Robert Bortuzzo for High sticking.
9:33 of 1st period - Anthony Cirelli wins face-off versus Christian Dvorak in DETROIT zone.
10:47 of 1st period - Christian Dvorak is hit by Tyler Pitlick and loses puck.
11:39 of 1st period - Jack Hughes is hit by Patrik Nemeth.
12:32 of 1st period - Adam Pelech is hit by Zemgus Girgensons and loses puck.
12:38 of 1st period - Valtteri Filppula is hit by Scott Laughton and loses puck.
13:43 of 1st period - Off-side.
13:44 of 1st period - Radek Faksa wins face-off versus Chandler Stephenson in neutral zone.
13:53 of 1st period - Shot by Tyler Ennis.
13:53 of 1st period - Stopped by John Gibson without a rebound.
13:54 of 1st period - Alexander Wennberg wins face-off versus Tyler Ennis in DETROIT zone.
14:48 of 1st period - Shot by Zemgus Girgensons.
14:48 of 1st period - Shot Misses the Net.
15:18 of 1st period - Shot by Andy Andreoff.
15:18 of 1st period - Stopped by John Gibson without a rebound.
15:19 of 1st period - Christian Dvorak wins face-off versus Anthony Cirelli in DETROIT zone.
15:19 of 1st period - Patrik Nemeth is hit by Jeff Skinner and loses puck.
15:25 of 1st period - Andre Burakovsky is hit by Andrej Sekera and loses puck.
15:32 of 1st period - Shot by Jeff Skinner.
15:32 of 1st period - Goal by Jeff Skinner - PHILADELPHIA : 2 - DETROIT : 0.
15:33 of 1st period - Valtteri Filppula wins face-off versus Chandler Stephenson in neutral zone.
16:03 of 1st period - Shot by Valtteri Filppula.
16:03 of 1st period - Stopped by John Gibson without a rebound.
16:04 of 1st period - Andre Burakovsky wins face-off versus Alexander Wennberg in DETROIT zone.
17:14 of 1st period - Shot by Zemgus Girgensons.
17:14 of 1st period - Deflect By Max Domi.
17:14 of 1st period - Stopped by Brian Elliott without a rebound.
17:15 of 1st period - Radek Faksa wins face-off versus Christian Dvorak in PHILADELPHIA zone.
17:22 of 1st period - Patrik Nemeth is hit by Tyler Pitlick and loses puck.
18:21 of 1st period - Shot by Scott Laughton.
18:21 of 1st period - Stopped by Brian Elliott without a rebound.
18:22 of 1st period - Scott Laughton wins face-off versus Anthony Cirelli in PHILADELPHIA zone.
18:22 of 1st period - Max Domi is hit by Erik Gudbranson and loses puck.
18:31 of 1st period - Shot by Anthony Cirelli.
18:31 of 1st period - Shot Misses the Net.
19:07 of 1st period - Icing by Tyler Myers.
19:08 of 1st period - Scott Laughton wins face-off versus Valtteri Filppula in DETROIT zone.
19:29 of 1st period - Minor Penalty to Adam Pelech for Holding.
19:30 of 1st period - Christian Dvorak wins face-off versus Anthony Cirelli in PHILADELPHIA zone.
19:41 of 1st period - Shot by Oscar Klefbom.
19:41 of 1st period - Shot Misses the Net.
19:49 of 1st period - Shot by Oscar Klefbom.
19:49 of 1st period - Stopped by Brian Elliott without a rebound.
19:50 of 1st period - Christian Dvorak wins face-off versus Radek Faksa in PHILADELPHIA zone.
Goals for this period are 2 for PHILADELPHIA vs 0 for DETROIT.
Shots for this period are 9 for PHILADELPHIA vs 9 for DETROIT.

2nd period


0:01 of 2nd period - Christian Dvorak wins face-off versus Anthony Cirelli in neutral zone.
0:26 of 2nd period - Shot by Calle Jarnkrok.
0:26 of 2nd period - Shot Misses the Net.
0:28 of 2nd period - Shot by Taylor Hall.
0:28 of 2nd period - Shot Misses the Net.
1:20 of 2nd period - Shot by Max Domi.
1:20 of 2nd period - Stopped by Brian Elliott without a rebound.
1:21 of 2nd period - Scott Laughton wins face-off versus Anthony Cirelli in PHILADELPHIA zone.
2:31 of 2nd period - Brendan Smith is hit by Eeli Tolvanen.
3:02 of 2nd period - Aaron Ekblad is hit by Lias Andersson and loses puck.
4:32 of 2nd period - Shot by Alexander Wennberg.
4:32 of 2nd period - Stopped by Brian Elliott with a rebound.
4:34 of 2nd period - Shot by Colton Sceviour.
4:34 of 2nd period - Stopped by Brian Elliott with a rebound.
4:36 of 2nd period - Shot by Colton Sceviour.
4:36 of 2nd period - Stopped by Brian Elliott with a rebound.
4:42 of 2nd period - Shot by Alexander Wennberg.
4:42 of 2nd period - Stopped by Brian Elliott without a rebound.
4:43 of 2nd period - Valtteri Filppula wins face-off versus Christian Dvorak in PHILADELPHIA zone.
4:43 of 2nd period - Valtteri Filppula is hit by Christian Dvorak.
4:48 of 2nd period - Erik Gudbranson is hit by Patrik Nemeth and loses puck.
5:35 of 2nd period - Off-side.
5:36 of 2nd period - Jack Hughes wins face-off versus Alexander Wennberg in neutral zone.
5:41 of 2nd period - Shot by Eeli Tolvanen.
5:41 of 2nd period - Shot Misses the Net.
5:51 of 2nd period - Shot by Jack Hughes.
5:51 of 2nd period - Stopped by John Gibson with a rebound.
5:53 of 2nd period - Shot by Jack Hughes.
5:53 of 2nd period - Shot Blocked by Oscar Klefbom.
5:55 of 2nd period - Shot by Eeli Tolvanen.
5:55 of 2nd period - Stopped by John Gibson with a rebound.
5:56 of 2nd period - Minor Penalty to Ian Cole for Holding.
5:57 of 2nd period - Anthony Cirelli wins face-off versus Taylor Hall in DETROIT zone.
6:32 of 2nd period - Andrej Sekera is hit by Anthony Cirelli and loses puck.
6:55 of 2nd period - Shot by Tyler Pitlick.
6:55 of 2nd period - Shot Misses the Net.
6:57 of 2nd period - Shot by Michael Stone.
6:57 of 2nd period - Shot Misses the Net.
6:59 of 2nd period - Shot by Tyler Pitlick.
6:59 of 2nd period - Shot Blocked by Oscar Klefbom.
7:01 of 2nd period - Shot by Tyler Pitlick.
7:01 of 2nd period - Deflect By Tyler Ennis.
7:01 of 2nd period - Shot Misses the Net.
7:03 of 2nd period - Shot by Erik Gudbranson.
7:03 of 2nd period - Shot Misses the Net.
8:04 of 2nd period - Icing by Robert Bortuzzo.
8:05 of 2nd period - Chandler Stephenson wins face-off versus Valtteri Filppula in DETROIT zone.
8:13 of 2nd period - Shot by Taylor Hall.
8:13 of 2nd period - Shot Blocked by Michael Stone.
8:15 of 2nd period - Shot by Brendan Smith.
8:15 of 2nd period - Shot Blocked by Andy Andreoff.
9:16 of 2nd period - Shot by Justin Abdelkader.
9:16 of 2nd period - Shot Misses the Net.
9:34 of 2nd period - Shot by Alexander Wennberg.
9:34 of 2nd period - Shot Blocked by Niklas Kronwall.
9:56 of 2nd period - Oscar Klefbom is hit by Radek Faksa and loses puck.
10:06 of 2nd period - Icing by Oscar Klefbom.
10:07 of 2nd period - Anthony Cirelli wins face-off versus Scott Laughton in DETROIT zone.
11:09 of 2nd period - Shot by Christian Dvorak.
11:09 of 2nd period - Stopped by Brian Elliott without a rebound.
11:09 of 2nd period - Minor Penalty to Erik Gudbranson for Cross-checking.
11:10 of 2nd period - Christian Dvorak wins face-off versus Andy Andreoff in PHILADELPHIA zone.
11:37 of 2nd period - Shot by Aaron Ekblad.
11:37 of 2nd period - Stopped by Brian Elliott with a rebound.
11:39 of 2nd period - Shot by Tyler Myers.
11:39 of 2nd period - Stopped by Brian Elliott without a rebound.
11:40 of 2nd period - Anthony Cirelli wins face-off versus Scott Laughton in PHILADELPHIA zone.
12:25 of 2nd period - Shot by Aaron Ekblad.
12:25 of 2nd period - Stopped by Brian Elliott with a rebound.
12:27 of 2nd period - Shot by Aaron Ekblad.
12:27 of 2nd period - Shot Blocked by Niklas Kronwall.
13:15 of 2nd period - Jack Hughes is hit by Justin Abdelkader.
14:15 of 2nd period - Shot by Chandler Stephenson.
14:15 of 2nd period - Shot Misses the Net.
14:21 of 2nd period - Shot by Valeri Nichushkin.
14:21 of 2nd period - Shot Misses the Net.
14:23 of 2nd period - Shot by Chandler Stephenson.
14:23 of 2nd period - Stopped by Brian Elliott without a rebound.
14:24 of 2nd period - Scott Laughton wins face-off versus Radek Faksa in PHILADELPHIA zone.
14:47 of 2nd period - Shot by Tyler Ennis.
14:47 of 2nd period - Stopped by John Gibson without a rebound.
14:48 of 2nd period - Christian Dvorak wins face-off versus Anthony Cirelli in DETROIT zone.
14:52 of 2nd period - Off-side.
14:53 of 2nd period - Anthony Cirelli wins face-off versus Calle Jarnkrok in neutral zone.
15:09 of 2nd period - Calle Jarnkrok is hit by Adam Pelech and loses puck.
16:00 of 2nd period - Shot by Michael Stone.
16:00 of 2nd period - Stopped by John Gibson without a rebound.
16:01 of 2nd period - Valtteri Filppula wins face-off versus Scott Laughton in DETROIT zone.
16:06 of 2nd period - Shot by Andy Andreoff.
16:06 of 2nd period - Stopped by John Gibson without a rebound.
16:07 of 2nd period - Valtteri Filppula wins face-off versus Zemgus Girgensons in DETROIT zone.
16:14 of 2nd period - Shot by Valtteri Filppula.
16:14 of 2nd period - Shot Misses the Net.
16:16 of 2nd period - Shot by Mikko Lehtonen.
16:16 of 2nd period - Stopped by John Gibson with a rebound.
16:18 of 2nd period - Shot by Valtteri Filppula.
16:18 of 2nd period - Shot Blocked by Tyler Myers.
16:20 of 2nd period - Shot by Valtteri Filppula.
16:20 of 2nd period - Shot Misses the Net.
16:22 of 2nd period - Shot by Andy Andreoff.
16:22 of 2nd period - Stopped by John Gibson without a rebound.
16:23 of 2nd period - Anthony Cirelli wins face-off versus Alexander Wennberg in DETROIT zone.
16:49 of 2nd period - Shot by Anthony Cirelli.
16:49 of 2nd period - Shot Misses the Net.
16:51 of 2nd period - Shot by Erik Gudbranson.
16:51 of 2nd period - Shot Misses the Net.
16:53 of 2nd period - Shot by Erik Gudbranson.
16:53 of 2nd period - Stopped by John Gibson without a rebound.
16:54 of 2nd period - Radek Faksa wins face-off versus Scott Laughton in DETROIT zone.
17:00 of 2nd period - Radek Faksa is hit by Aaron Ekblad and loses puck.
17:12 of 2nd period - Tyler Ennis is hit by Tyler Myers and loses puck.
17:16 of 2nd period - Icing by Aaron Ekblad.
17:17 of 2nd period - Zemgus Girgensons wins face-off versus Valtteri Filppula in DETROIT zone.
17:17 of 2nd period - Zemgus Girgensons is hit by Otto Koivula.
17:23 of 2nd period - Shot by Max Domi.
17:23 of 2nd period - Shot Misses the Net.
17:26 of 2nd period - Icing by Andy Andreoff.
17:27 of 2nd period - Valtteri Filppula wins face-off versus Alexander Wennberg in PHILADELPHIA zone.
17:27 of 2nd period - Valtteri Filppula is hit by Justin Abdelkader.
17:30 of 2nd period - Icing by Otto Koivula.
17:31 of 2nd period - Valtteri Filppula wins face-off versus Calle Jarnkrok in PHILADELPHIA zone.
17:35 of 2nd period - Mikko Lehtonen is hit by Oscar Klefbom and loses puck.
19:07 of 2nd period - Shot by Travis Sanheim.
19:07 of 2nd period - Shot Misses the Net.
19:09 of 2nd period - Shot by Travis Sanheim.
19:09 of 2nd period - Stopped by John Gibson without a rebound.
19:10 of 2nd period - Radek Faksa wins face-off versus Alexander Wennberg in DETROIT zone.
Goals for this period are 0 for PHILADELPHIA vs 0 for DETROIT.
Shots for this period are 9 for PHILADELPHIA vs 10 for DETROIT.

3rd period


0:01 of 3rd period - Christian Dvorak wins face-off versus Anthony Cirelli in neutral zone.
0:07 of 3rd period - Shot by Calle Jarnkrok.
0:07 of 3rd period - Shot Misses the Net.
0:09 of 3rd period - Shot by Tyler Myers.
0:09 of 3rd period - Stopped by Brian Elliott without a rebound.
0:10 of 3rd period - Radek Faksa wins face-off versus Scott Laughton in PHILADELPHIA zone.
1:17 of 3rd period - Off-side.
1:18 of 3rd period - Alexander Wennberg wins face-off versus Valtteri Filppula in neutral zone.
1:33 of 3rd period - Shot by Colton Sceviour.
1:33 of 3rd period - Deflect By Alexander Wennberg.
1:33 of 3rd period - Stopped by Brian Elliott with a rebound.
1:37 of 3rd period - Shot by Alexander Wennberg.
1:37 of 3rd period - Shot Blocked by Valtteri Filppula.
1:43 of 3rd period - Shot by Justin Abdelkader.
1:43 of 3rd period - Shot Blocked by Niklas Kronwall.
2:24 of 3rd period - Shot by Christian Dvorak.
2:24 of 3rd period - Stopped by Brian Elliott without a rebound.
2:25 of 3rd period - Scott Laughton wins face-off versus Anthony Cirelli in PHILADELPHIA zone.
2:33 of 3rd period - Icing by Travis Sanheim.
2:34 of 3rd period - Chandler Stephenson wins face-off versus Anthony Cirelli in PHILADELPHIA zone.
3:13 of 3rd period - Icing by Adam Pelech.
3:14 of 3rd period - Anthony Cirelli wins face-off versus Zemgus Girgensons in PHILADELPHIA zone.
3:26 of 3rd period - Icing by Anthony Cirelli.
3:27 of 3rd period - Alexander Wennberg wins face-off versus Anthony Cirelli in PHILADELPHIA zone.
3:31 of 3rd period - Minor Penalty to Justin Abdelkader for Interference.
3:32 of 3rd period - Max Domi wins face-off versus Radek Faksa in DETROIT zone.
3:58 of 3rd period - Shot by Tyler Pitlick.
3:58 of 3rd period - Stopped by John Gibson without a rebound.
3:59 of 3rd period - Taylor Hall wins face-off versus Anthony Cirelli in DETROIT zone.
4:14 of 3rd period - Shot by Adam Pelech.
4:14 of 3rd period - Stopped by John Gibson without a rebound.
4:15 of 3rd period - Tyler Ennis wins face-off versus Christian Dvorak in DETROIT zone.
5:22 of 3rd period - Shot by Adam Pelech.
5:22 of 3rd period - Shot Misses the Net.
5:24 of 3rd period - Shot by Andre Burakovsky.
5:24 of 3rd period - Shot Misses the Net.
5:26 of 3rd period - Shot by Jeff Skinner.
5:26 of 3rd period - Stopped by John Gibson without a rebound.
5:27 of 3rd period - Radek Faksa wins face-off versus Taylor Hall in DETROIT zone.
5:41 of 3rd period - Colton Sceviour is hit by Niklas Kronwall and loses puck.
5:50 of 3rd period - Shot by Justin Abdelkader.
5:50 of 3rd period - Shot Misses the Net.
5:57 of 3rd period - Alexander Wennberg is hit by Niklas Kronwall and loses puck.
6:05 of 3rd period - Minor Penalty to Mikko Lehtonen for Holding.
6:06 of 3rd period - Christian Dvorak wins face-off versus Anthony Cirelli in PHILADELPHIA zone.
6:45 of 3rd period - Aaron Ekblad is hit by Anthony Cirelli and loses puck.
7:15 of 3rd period - Oscar Klefbom is hit by Travis Sanheim and loses puck.
7:21 of 3rd period - Zemgus Girgensons is hit by Travis Sanheim and loses puck.
7:58 of 3rd period - Shot by Aaron Ekblad.
7:58 of 3rd period - Shot Blocked by Erik Gudbranson.
8:00 of 3rd period - Shot by Alexander Wennberg.
8:00 of 3rd period - Shot Misses the Net.
8:02 of 3rd period - Shot by Aaron Ekblad.
8:02 of 3rd period - Shot Misses the Net.
8:04 of 3rd period - Shot by Aaron Ekblad.
8:04 of 3rd period - Stopped by Brian Elliott without a rebound.
8:05 of 3rd period - Jack Hughes wins face-off versus Alexander Wennberg in PHILADELPHIA zone.
8:32 of 3rd period - Shot by Colton Sceviour.
8:32 of 3rd period - Stopped by Brian Elliott without a rebound.
8:33 of 3rd period - Radek Faksa wins face-off versus Chandler Stephenson in PHILADELPHIA zone.
8:40 of 3rd period - Shot by Radek Faksa.
8:40 of 3rd period - Stopped by John Gibson with a rebound.
8:50 of 3rd period - Shot by Valeri Nichushkin.
8:50 of 3rd period - Shot Misses the Net.
8:52 of 3rd period - Shot by Taylor Hall.
8:52 of 3rd period - Shot Misses the Net.
9:15 of 3rd period - Icing by Travis Sanheim.
9:16 of 3rd period - Scott Laughton wins face-off versus Radek Faksa in PHILADELPHIA zone.
9:37 of 3rd period - Shot by Scott Laughton.
9:37 of 3rd period - Shot Blocked by Travis Sanheim.
9:39 of 3rd period - Shot by Max Domi.
9:39 of 3rd period - Stopped by Brian Elliott without a rebound.
9:40 of 3rd period - Alexander Wennberg wins face-off versus Anthony Cirelli in PHILADELPHIA zone.
9:40 of 3rd period - Oscar Klefbom is hit by Erik Gudbranson and loses puck.
9:48 of 3rd period - Icing by Erik Gudbranson.
9:49 of 3rd period - Anthony Cirelli wins face-off versus Christian Dvorak in PHILADELPHIA zone.
9:49 of 3rd period - Anthony Cirelli is hit by Calle Jarnkrok.
10:18 of 3rd period - Andre Burakovsky is hit by Calle Jarnkrok and loses puck.
10:36 of 3rd period - Minor Penalty to Andre Burakovsky for Hooking.
10:37 of 3rd period - Jeff Skinner wins face-off versus Scott Laughton in PHILADELPHIA zone.
10:56 of 3rd period - Shot by Zemgus Girgensons.
10:56 of 3rd period - Shot Blocked by Travis Sanheim.
11:38 of 3rd period - Shot by Ian Cole.
11:38 of 3rd period - Stopped by Brian Elliott without a rebound.
11:39 of 3rd period - Christian Dvorak wins face-off versus Radek Faksa in PHILADELPHIA zone.
12:02 of 3rd period - Oscar Klefbom is hit by Anthony Cirelli and loses puck.
12:11 of 3rd period - Shot by Jeff Skinner.
12:11 of 3rd period - Stopped by John Gibson with a rebound.
12:33 of 3rd period - Icing by Ian Cole.
12:34 of 3rd period - Christian Dvorak wins face-off versus Radek Faksa in DETROIT zone.
12:51 of 3rd period - Otto Koivula is hit by Zemgus Girgensons.
12:52 of 3rd period - Icing by Otto Koivula.
12:53 of 3rd period - Alexander Wennberg wins face-off versus Valtteri Filppula in PHILADELPHIA zone.
12:57 of 3rd period - Justin Abdelkader is hit by Mikko Lehtonen and loses puck.
13:44 of 3rd period - Tyler Myers is hit by Radek Faksa and loses puck.
14:16 of 3rd period - Zemgus Girgensons is hit by Adam Pelech and loses puck.
14:38 of 3rd period - Icing by Brendan Smith.
14:39 of 3rd period - Anthony Cirelli wins face-off versus Chandler Stephenson in DETROIT zone.
14:42 of 3rd period - Shot by Anthony Cirelli.
14:42 of 3rd period - Shot Misses the Net.
15:21 of 3rd period - Icing by Anthony Cirelli.
15:22 of 3rd period - Scott Laughton wins face-off versus Anthony Cirelli in PHILADELPHIA zone.
15:29 of 3rd period - Shot by Scott Laughton.
15:29 of 3rd period - Deflect By Max Domi.
15:29 of 3rd period - Stopped by Brian Elliott without a rebound.
15:30 of 3rd period - Valtteri Filppula wins face-off versus Alexander Wennberg in PHILADELPHIA zone.
15:30 of 3rd period - Niklas Kronwall is hit by Justin Abdelkader and loses puck.
15:34 of 3rd period - Valtteri Filppula is hit by Justin Abdelkader.
15:47 of 3rd period - Shot by Valtteri Filppula.
15:47 of 3rd period - Stopped by John Gibson with a rebound.
15:49 of 3rd period - Shot by Andy Andreoff.
15:49 of 3rd period - Stopped by John Gibson without a rebound.
15:50 of 3rd period - Jack Hughes wins face-off versus Scott Laughton in DETROIT zone.
15:55 of 3rd period - Shot by Jack Hughes.
15:55 of 3rd period - Shot Blocked by Aaron Ekblad.
15:57 of 3rd period - Shot by Lias Andersson.
15:57 of 3rd period - Stopped by John Gibson without a rebound.
15:58 of 3rd period - Tyler Pitlick wins face-off versus Christian Dvorak in DETROIT zone.
16:11 of 3rd period - Shot by Calle Jarnkrok.
16:11 of 3rd period - Stopped by Brian Elliott without a rebound.
16:12 of 3rd period - Anthony Cirelli wins face-off versus Scott Laughton in PHILADELPHIA zone.
16:16 of 3rd period - Icing by Erik Gudbranson.
16:17 of 3rd period - Anthony Cirelli wins face-off versus Christian Dvorak in PHILADELPHIA zone.
16:34 of 3rd period - Off-side.
16:35 of 3rd period - Scott Laughton wins face-off versus Tyler Pitlick in neutral zone.
17:01 of 3rd period - Icing by Aaron Ekblad.
17:02 of 3rd period - Scott Laughton wins face-off versus Anthony Cirelli in DETROIT zone.
17:39 of 3rd period - Off-side.
17:40 of 3rd period - Christian Dvorak wins face-off versus Radek Faksa in neutral zone.
18:02 of 3rd period - Icing by Oscar Klefbom.
18:03 of 3rd period - Valtteri Filppula wins face-off versus Christian Dvorak in DETROIT zone.
18:04 of 3rd period - Shot by Andy Andreoff.
18:04 of 3rd period - Deflect By Valtteri Filppula.
18:04 of 3rd period - Stopped by John Gibson without a rebound.
18:05 of 3rd period - Valtteri Filppula wins face-off versus Alexander Wennberg in DETROIT zone.
18:05 of 3rd period - Valtteri Filppula is hit by Andrej Sekera.
18:34 of 3rd period - Justin Abdelkader is hit by Niklas Kronwall and loses puck.
18:43 of 3rd period - Shot by Colton Sceviour.
18:43 of 3rd period - Shot Misses the Net.
19:27 of 3rd period - Icing by Christian Dvorak.
19:28 of 3rd period - Christian Dvorak wins face-off versus Radek Faksa in DETROIT zone.
19:30 of 3rd period - Minor Penalty to Tyler Ennis for Holding.
19:31 of 3rd period - Anthony Cirelli wins face-off versus Scott Laughton in PHILADELPHIA zone.
19:31 of 3rd period - Jeff Skinner is hit by Zemgus Girgensons and loses puck.
Goals for this period are 0 for PHILADELPHIA vs 0 for DETROIT.
Shots for this period are 9 for PHILADELPHIA vs 9 for DETROIT.